 Dungeon Crawl Stone Soup version 0.23.2-40-g277498a001 (webtiles) character file.

Game seed: 10674149624430208040

28420 Emblim88 the Fighter (level 13, -20/122 HPs)
             Began as a Minotaur Berserker on Sept 27, 2019.
             Was a High Priest of Trog.
             Demolished by a titanic slime creature (69 damage)
             ... on level 13 of the Dungeon.
             The game lasted 00:51:58 (13778 turns).

Emblim88 the Fighter (Minotaur Berserker)          Turns: 13778, Time: 00:51:58

Health: -20/122    AC: 21    Str: 25    XL:     13   Next: 9%
Magic:  16/16      EV: 17    Int:  8    God:    Trog [*****.]
Gold:   1357       SH: 18    Dex: 12    Spells: 12/12 levels left

rFire    + . .     SeeInvis +   n - +0 flail (protect)
rCold    + + .     Gourm    .   s - +0 large shield
rNeg     . . .     Faith    .   F - +4 scale mail of Sovereignty {+Inv rC+ Int+4 SInv}
rPois    .         Spirit   .   (helmet restricted)
rElec    .         Reflect  .   L - scarf {rC+ rF+}
rCorr    .         Harm     .   O - +2 pair of gloves
MR       +....                  W - +2 pair of boots
Stlth    ..........             (no amulet)
HPRegen  0.30/turn              p - ring of protection from magic
MPRegen  0.15/turn              I - +5 ring of evasion

@: no status effects
A: retaliatory headbutt, horns 2, icy blue scales 1, MP-powered wands
a: Berserk, Trog's Hand, Brothers in Arms, Renounce Religion, Evoke Invisibility


You were on level 13 of the Dungeon.
You worshipped Trog.
Trog was extremely pleased with you.
You were hungry.

You visited 1 branch of the dungeon, and saw 13 of its levels.
You also visited: Bailey.

You collected 1357 gold pieces.

Inventory:

Hand Weapons
 n - a +0 flail of protection (weapon)
 w - a +0 dire flail
 B - a +1 longbow of flaming
 G - a +2 great sword of holy wrath
 M - a +0 war axe
 U - a +4 flail
Missiles
 a - 39 tomahawks of returning (quivered)
 y - 16 poisoned needles
 D - 2 throwing nets
 E - 54 arrows
 K - 6 needles of sleeping
Armour
 s - a +0 large shield (worn)
 F - the +4 scale mail of Sovereignty (worn) {+Inv rC+ Int+4 SInv}
   (You found it on level 11 of the Dungeon)

   It affects your intelligence (+4).
   It protects you from cold.
   It lets you see invisible.
   It lets you turn invisible.
 L - a scarf of resistance (worn)
 O - a +2 pair of gloves (worn)
 W - a +2 pair of boots (worn)
Jewellery
 p - a ring of protection from magic (left hand)
 x - an uncursed ring of resist corrosion
 I - a +5 ring of evasion (right hand)
Wands
 b - a wand of disintegration (14)
 k - a wand of polymorph (11)
 u - a wand of paralysis (26)
 z - a wand of enslavement (2)
 S - a wand of scattershot (6)
 Y - a wand of random effects (22)
 Z - a wand of iceblast (12)
Scrolls
 d - 2 scrolls of noise
 e - 2 scrolls of fear
 i - 9 scrolls of teleportation
 j - 7 scrolls of magic mapping
 l - a scroll of holy word
 o - a scroll of random uselessness {unknown}
 q - 3 scrolls of remove curse
 C - 2 scrolls of enchant armour
 H - a scroll of fog
 J - a scroll of immolation
 R - 2 scrolls of blinking
 T - 2 scrolls of brand weapon {unknown}
Potions
 f - 3 potions of brilliance
 g - a potion of agility
 h - 4 potions of invisibility
 m - 3 potions of mutation
 r - 5 potions of flight
 t - 4 potions of lignification {unknown}
 A - a potion of cancellation
 N - 2 potions of resistance
 P - a potion of haste {unknown}
 Q - a potion of degeneration {unknown}
 V - 2 potions of curing
Comestibles
 c - 9 rations


   Skills:
 * Level 13.5 Fighting
 - Level 9.6(11.1) Axes
 * Level 9.2(10.9) Maces & Flails
 + Level 10.7 Armour
 + Level 9.7 Dodging
 + Level 9.8 Shields
 + Level 6.4 Evocations


You had 12 spell levels left.
You didn't know any spells.
Your spell library was empty.

Dungeon Overview and Level Annotations

Branches:
Dungeon (13/15)            Temple (0/1) D:6            Lair (0/6) D:10
    Orc (0/2) D:11
 Vaults: D:13-14

Altars:
Trog
Yredelemnul
Beogh

Shops:
D:8 *   D:12 :

Portals:
Trove: D:11 (show slimy rune of Zot)

Annotations:
D:2 1 runed translucent door
D:3 1 runed translucent door, Morrissey's ghost, amateur MiGl
D:7 1 runed translucent door, Harold
D:9 2 runed translucent doors, raetorn's ghost, novice GrFi


Innate Abilities, Weirdness & Mutations

You reflexively headbutt those who attack you in melee.
You have a pair of horns on your head.
You are partially covered in icy blue scales. (AC +2)
You expend magic power (3 MP) to strengthen your wands.


Message History

You are too injured to fight recklessly!
You are too injured to fight recklessly!
You are too injured to fight recklessly!
You are too injured to fight recklessly!
You are too injured to fight recklessly!
You are too injured to fight recklessly!
You are too injured to fight recklessly!
You are too injured to fight recklessly!
You are too injured to fight recklessly!
You are too injured to fight recklessly!
You are too injured to fight recklessly!
You are too injured to fight recklessly!
You are too injured to fight recklessly!
You are too injured to fight recklessly!
You are too injured to fight recklessly!
You are too injured to fight recklessly!
You are too injured to fight recklessly!
You feel better. The titanic slime creature hits you!!!
Ouch! That really hurt!
You die...

#.#.# #.# #..
#.#.# #.# #..
#.###.#.####.#
#..
#............#
#..
#####.#.#########
##. #.#.........#
#. #.#########.#
##.
#.#########...
...
#.@J..).......
...
############## #


You could see a titanic slime creature.

Vanquished Creatures
  Nessos (D:12)
  3 hydras
  A rakshasa (D:13)
  3 two-headed ogres
  An orc knight (Bailey)
  An ugly thing (D:9)
  A manticore (D:11)
  2 deep elf magi
  2 cyclopes
  Psyche (D:10)
  4 trolls
  A hornet (D:7)
  8 slime creatures
  4 hippogriffs
  2 shadows
  Sigmund (D:7)
  9 humans (D:7)
  28 yaks
  5 wyverns
  3 hungry ghosts
  3 wargs (D:10)
  2 acid dragons
  2 soldier ants
  Duvessa (D:6)
  13 orc warriors
  4 sky beasts
  2 phantoms
  A necrophage (D:10)
  2 eyes of draining
  2 black bears
  7 ogres
  4 ice beasts
  2 crocodiles
  7 centaurs
  A big kobold (D:11)
  A gnoll sergeant (D:6)
  10 bullfrogs
  Dowan (D:6)
  2 scorpions (D:11)
  5 killer bees (D:10)
  9 wights
  5 howler monkeys (D:7)
  A centaur zombie (D:8)
  3 crimson imps
  2 quasits (D:13)
  2 bullfrog zombies
  3 centaur skeletons
  9 hounds
  A jelly (D:5)
  8 orc priests
  4 bullfrog skeletons
  An iguana (D:9)
  Ijyb (D:7)
  9 orc wizards
  9 worker ants
  A hound skeleton (D:7)
  A howler monkey zombie (D:7)
  Robin (D:2)
  12 gnolls
  12 adders
  3 shadow imps
  An ooze (D:3)
  3 worms
  57 orcs
  5 bats
  5 giant cockroaches
  28 goblins
  13 hobgoblins
  8 jackals
  5 quokkas
  2 ball pythons
  A frilled lizard (D:3)
  A jackal zombie (D:2)
  19 kobolds
  2 quokka zombies
  5 rats
405 creatures vanquished.

Vanquished Creatures (collateral kills)
  A vault guard (D:11)
  An orc knight (Bailey)
2 creatures vanquished.

Vanquished Creatures (others)
  A sky beast (D:12)
  2 kobolds (Bailey)
3 creatures vanquished.

Grand Total: 410 creatures vanquished

Notes
Turn   | Place    | Note
-------+----------+-------------------------------------------
     0 | D:1      | Emblim88 the Minotaur Berserker began the quest for the
                  | Orb.
     0 | D:1      | Reached XP level 1. HP: 19/19 MP: 0/0
   328 | D:1      | Reached XP level 2. HP: 27/27 MP: 1/1
   752 | D:2      | Noticed Robin
   757 | D:2      | Reached skill level 4 in Fighting
   761 | D:2      | Reached XP level 3. HP: 33/33 MP: 2/2
   765 | D:2      | Killed Robin
   971 | D:2      | Found a runed translucent door.
   971 | D:2      | Noticed a human
   974 | D:2      | Found a basalt altar of Yredelemnul.
  1217 | D:2      | Reached ** piety under Trog
  1824 | D:3      | Reached XP level 4. HP: 36/40 MP: 3/3
  2349 | D:3      | Reached XP level 5. HP: 47/47 MP: 4/4
  2440 | D:3      | Found a bloodstained altar of Trog.
  2594 | D:3      | Reached skill level 1 in Shields
  2604 | D:3      | HP: 1/47 [gnoll/+0 halberd (5)]
  2922 | D:3      | Found a runed translucent door.
  2924 | D:3      | Noticed Morrissey's ghost (amateur MiGl)
  3059 | D:4      | Reached skill level 5 in Fighting
  3185 | D:4      | Reached XP level 6. HP: 56/56 MP: 5/5
  3627 | D:4      | Reached *** piety under Trog
  3668 | D:4      | Gained mutation: You are partially covered in icy blue
                  | scales. (AC +2) [potion of mutation]
  3668 | D:4      | Gained mutation: You expend magic power (3 MP) to
                  | strengthen your wands. [potion of mutation]
  3685 | D:5      | Entered Level 5 of the Dungeon
  3823 | D:5      | Reached skill level 5 in Armour
  3965 | D:5      | Reached XP level 7. HP: 48/62 MP: 6/6
  4493 | D:6      | Reached skill level 6 in Fighting
  4720 | D:6      | Reached skill level 5 in Dodging
  4731 | D:6      | Noticed Duvessa
  4891 | D:6      | Killed Duvessa
  4895 | D:6      | Noticed Dowan
  4901 | D:6      | Killed Dowan
  4901 | D:6      | Reached XP level 8. HP: 71/71 MP: 7/7
  5130 | D:6      | Found a staircase to the Ecumenical Temple.
  5557 | D:7      | Reached skill level 7 in Fighting
  5557 | D:7      | Reached skill level 5 in Axes
  5560 | D:7      | Reached skill level 5 in Shields
  5718 | D:7      | Reached skill level 1 in Evocations
  5794 | D:7      | Found a flagged portal.
  5805 | Bailey   | Entered a bailey
  5812 | Bailey   | Noticed an orc knight
  5824 | Bailey   | Noticed an orc knight
  5889 | Bailey   | Reached **** piety under Trog
  6126 | Bailey   | Killed an orc knight
  6147 | Bailey   | Killed an orc knight
  6147 | Bailey   | Reached skill level 8 in Fighting
  6147 | Bailey   | Reached XP level 9. HP: 63/81 MP: 8/9
  6492 | D:7      | Noticed Sigmund
  6536 | D:7      | Reached skill level 9 in Fighting
  6576 | D:7      | Noticed Ijyb
  6590 | D:7      | Reached XP level 10. HP: 91/91 MP: 11/11
  6592 | D:7      | Killed Ijyb
  6634 | D:7      | Killed Sigmund
  6693 | D:7      | Noticed Harold
  6915 | D:7      | Found a runed translucent door.
  7144 | D:7      | Paralysed by a hornet for 3 turns
  7146 | D:7      | Reached skill level 10 in Fighting
  7829 | D:8      | Found Imigrani's General Store.
  8398 | D:9      | Noticed a brown ugly thing
  8404 | D:9      | Killed a brown ugly thing
  8404 | D:9      | Reached skill level 1 in Maces & Flails
  8404 | D:9      | Reached XP level 11. HP: 101/101 MP: 13/13
  8526 | D:9      | Found a large runed translucent door.
  8528 | D:9      | Found a large runed translucent door.
  8530 | D:9      | Noticed raetorn's ghost (novice GrFi)
  8558 | D:9      | Reached ***** piety under Trog
  8993 | D:9      | Reached skill level 11 in Fighting
  9722 | D:10     | Entered Level 10 of the Dungeon
  9852 | D:10     | Found a staircase to the Lair.
 10051 | D:10     | Noticed a two-headed ogre
 10060 | D:10     | Killed a two-headed ogre
 10197 | D:10     | Noticed Psyche
 10206 | D:10     | Killed Psyche
 10206 | D:10     | Reached skill level 5 in Maces & Flails
 10368 | D:10     | Reached skill level 5 in Evocations
 10377 | D:10     | Received a gift from Trog
 10732 | D:11     | Reached skill level 12 in Fighting
 10942 | D:11     | Got a spiked scale mail
 10953 | D:11     | Identified the +4 scale mail of Sovereignty {+Inv rC+ Int+4
                  | SInv} (You found it on level 11 of the Dungeon)
 11003 | D:11     | Reached XP level 12. HP: 112/112 MP: 14/14
 11012 | D:11     | Found a roughly hewn altar of Beogh.
 11012 | D:11     | Found a staircase to the Orcish Mines.
 11302 | D:11     | Found a portal to a secret trove of treasure.
 11302 | D:11     | Noticed a vault guard
 11307 | D:11     | Killed a vault guard
 11869 | D:12     | Reached skill level 10 in Armour
 12105 | D:12     | Noticed a four-headed hydra
 12110 | D:12     | Killed a four-headed hydra
 12174 | D:12     | Received a gift from Trog
 12266 | D:12     | Found Giucs's Book Shop.
 12418 | D:12     | Noticed a two-headed ogre
 12429 | D:12     | Killed a two-headed ogre
 12449 | D:12     | Noticed Nessos
 12475 | D:12     | Killed Nessos
 12760 | D:13     | Noticed a seven-headed hydra
 12779 | D:13     | Killed a seven-headed hydra
 12779 | D:13     | Reached skill level 13 in Fighting
 13027 | D:13     | Noticed a rakshasa
 13063 | D:13     | Killed a rakshasa
 13434 | D:13     | Noticed a two-headed ogre
 13447 | D:13     | Killed a two-headed ogre
 13447 | D:13     | Reached XP level 13. HP: 103/122 MP: 16/16
 13778 | D:13     | Demolished by a titanic slime creature

Skill      XL: |  1  2  3  4  5  6  7  8  9 10 11 12 |
---------------+-------------------------------------+-----
Axes           | 4 6 8 9 |  9.6
Fighting       | 4 5 6 8 9 10 12 13 | 13.5
Armour         | 3 4 5 6 7 8 9 10 | 10.7
Dodging        | 3 4 5 6 7 8 9 |  9.7
Shields        | 2 3 4 5 6 7 8 9 |  9.8
Evocations     | 1 3 4 5 6 |  6.4
Maces & Flails | 1 6 9 |  9.2

Action                   |  1- 3 |  4- 6 |  7- 9 | 10-12 | 13-15 || total
-------------------------+-------+-------+-------+-------+-------++-------
Melee: Hand axe          |    61 |       |       |       |       ||    61
       Headbutt          |     7 |    51 |    41 |   255 |    17 ||   371
       Dagger            |     4 |   199 |    83 |       |       ||   286
       Mace              |       |       |   157 |   132 |       ||   289
       Flail             |       |       |       |   807 |    39 ||   846
Throw: Stone             |       |       |   151 |       |       ||   151
       Tomahawk          |       |       |    22 |       |       ||    22
Invok: Berserk           |     1 |       |     8 |     7 |       ||    16
       Trog's Hand       |       |     1 |     5 |     3 |       ||     9
       Brothers in Arms  |       |       |       |     1 |       ||     1
Evoke: Wand              |       |       |    27 |       |       ||    27
  Use: Scroll            |       |     9 |     5 |     6 |       ||    20
       Potion            |       |     5 |     1 |     5 |     1 ||    12
  Eat: Ration            |     1 |     1 |     5 |     6 |       ||    13
       Chunk             |       |     6 |       |    15 |       ||    21
Armor: Animal skin       |     5 |       |       |       |       ||     5
       Leather armour    |    11 |       |       |       |       ||    11
       Scale mail        |       |    41 |    91 |   158 |    13 ||   303
       Ring mail         |       |     5 |       |    81 |       ||    86
       Chain mail        |       |       |       |    33 |       ||    33
Dodge: Dodged            |    33 |    58 |    80 |   414 |    17 ||   602
Block: Buckler           |       |    14 |    20 |       |       ||    34
       Large shield      |       |       |   148 |   819 |    30 ||   997
